 Dungeon Crawl Stone Soup version 0.30.0-29-ga12c61a403 (webtiles) character file.

Game seed: 7374454475475064322

52 Fodor the Covered (level 3, -2/33 HPs)
             Began as a Minotaur Fighter on June 8, 2023.
             Slain by Terence
             ... wielding a +0 mace of protection
              (7 damage)
             ... on level 2 of the Dungeon.
             The game lasted 00:06:46 (1761 turns).

Fodor the Covered (Minotaur Fighter)                Turns: 1761, Time: 00:06:46

Health: -2/33      AC:  7    Str: 20    XL:     3   Next: 60%
Magic:  2/2        EV:  9    Int:  5    God:
Gold:   81         SH:  4    Dex: 11    Spells: 2/2 levels left

rFire   . . .        a - +0 long sword
rCold   . . .        c - +0 buckler
rNeg    . . .        b - +0 scale mail
rPois   .            (helmet restricted)
rElec   .            (no cloak)
rCorr   .            (no gloves)
SInv    .            (no boots)
Will    .....        (no amulet) Stlth
                     (no ring)
HPRegen 0.25/turn    (no ring)
MPRegen 0.08/turn

%: no passive effects
@: mighty
A: horns 2, retaliatory headbutt
a: no special abilities


You were on level 2 of the Dungeon.
You visited 1 branch of the dungeon, and saw 2 of its levels.

You collected 81 gold pieces.

Inventory:

Hand Weapons
 a - a +0 long sword (weapon)
Missiles
 g - 23 stones
 l - 4 poisoned darts (quivered)
Armour
 b - a +0 scale mail (worn)
 c - a +0 buckler (worn)
Jewellery
 j - a ring of fire
Scrolls
 e - a scroll of magic mapping {unknown}
 f - a scroll of summoning {unknown}
 h - a scroll of teleportation {unknown}
 i - a scroll of fear {unknown}
 k - a scroll of enchant armour {unknown}
 n - a scroll of identify {unknown}
Potions
 m - a potion of curing {unknown}


   Skills:
 + Level 3.9 Fighting
 + Level 3.4 Long Blades
 + Level 4.5 Armour
 + Level 3.9 Shields


You had 2 spell levels left.
You didn't know any spells.
Your spell library was empty.

Dungeon Overview and Level Annotations

Branches:
Dungeon (2/15)

Altars:

Annotations:
D:2 Jessica, Terence


Innate Abilities, Weirdness & Mutations

You have a pair of horns on your head.
You reflexively headbutt those who attack you in melee.


Message History

Terence closely misses you. You furiously retaliate!
You headbutt Terence!
Jessica gestures wildly while chanting.
Jessica seems to speed up.
The jackal barely misses you. x2
Terence hits you with a +0 mace of protection.
You block the jackal's attack.
You closely miss Terence. You headbutt Terence.
Terence is almost dead.
The bat hits you but does no damage. The jackal closely misses you.
The bat hits you but does no damage.
The jackal bites you but does no damage.
The jackal closely misses you.
The jackal bites you but does no damage.
Terence completely misses you. The jackal bites you.
You barely miss Terence. Your headbutt misses Terence.
Terence is almost dead.
The bat hits you but does no damage. The jackal barely misses you.
The jackal bites you but does no damage. x2
Jessica closely misses you.
The jackal bites you but does no damage.
The bat hits you but does no damage. The jackal closely misses you.
Terence hits you with a +0 mace of protection.
You barely miss Terence. You headbutt Terence.
Terence is almost dead.
The bat hits you but does no damage. The jackal closely misses you.
Jessica hits you with a +0 dagger.
* * * LOW HITPOINT WARNING * * *
You block the jackal's attack.
The jackal bites you but does no damage.
Terence hits you but does no damage. The jackal barely misses you.
You furiously retaliate!
You headbutt the jackal.
You kill the jackal!
Jessica hits you but does no damage. The jackal closely misses you.
You furiously retaliate!
You headbutt the jackal. The jackal bites you.
* * * LOW HITPOINT WARNING * * *
You feel very mighty all of a sudden. You block the bat's attack.
The bat closely misses you. Jessica barely misses you.
The jackal bites you but does no damage.
Terence hits you with a +0 mace of protection!
You die...

#......# ###.# #......#
#...# ######.# #.### #.#
#.### #.# #.†.. #.#
####. ### #.# ##### #.
.....###.#####~..### #.
....?.@@h.##≈≈~....## #.
......@hb.#≈≈≈~.....####
.....###..#≈≈≈≈~........
.... #..#≈≈≈≈~~.......
##. #..#≈≈≈≈≈........ #
#..#≈≈≈~.~...####
#..##≈≈≈....##
..####~.~### #####


You could see Terence, Jessica (fast), 2 jackals and a bat.

Vanquished Creatures
  2 adders (D:2)
  2 dart slugs
  4 ball pythons
  7 bats
  An endoplasm (D:1)
  3 hobgoblins (D:1)
  2 jackals (D:2)
  2 quokkas (D:1)
  2 frilled lizards
  3 kobolds (D:1)
  2 rats (D:1)
30 creatures vanquished.

Notes
Turn   | Place    | Note
-------+----------+-------------------------------------------
     0 | D:1      | Fodor the Minotaur Fighter began the quest for the Orb.
     0 | D:1      | Reached XP level 1. HP: 19/19 MP: 0/0
   694 | D:1      | Reached XP level 2. HP: 27/27 MP: 1/1
  1047 | D:1      | Reached skill level 4 in Armour
  1475 | D:2      | Reached XP level 3. HP: 30/33 MP: 2/2
  1750 | D:2      | Noticed Terence
  1753 | D:2      | Noticed Jessica
  1761 | D:2      | Slain by Terence

Illustrated notes

Levels and vault maps discovered:
D:1:      tekkud_arrival_beachfront_property, layout_basic, minivault_14,
          minmay_bisected
D:2:      layout_loops_ring, nicolae_underground_beach, uniq_terence,
          uniq_jessica

Skill      XL: |  1  2 |
---------------+-------+-----
Long Blades    | 3 |  3.4
Armour         | 4 |  4.5
Fighting       | |  3.9
Shields        | |  3.9

Action                     || total
---------------------------++-------
  Melee: Long sword        ||    75
         Headbutt          ||    11
    Use: Potion            ||     1
 Armour: Scale mail        ||    79
  Dodge: Dodged            ||    91
  Block: Buckler           ||    29
